AoeStats
← с упругой

Fortress

510068331Analyzed
4v4 RM · 3d ago on Sep 29, 2026· 52m 51s· 8 players
Game mode
Random Map
Map size
Huge
Population
200
Speed
Normal
Resources
Standard
Victory
Conquest
Starting age
Dark Age
Ending age
Imperial Age
RankedLock teamsTeams togetherTeam positionsShared explorationLock speedFull tech treeHidden civsTurbo modeCheats
Victory
Defeat
🇺🇸 Malay · United States
1460
+12
🇹🇼 Turks · Taiwan
1447
+13
🇩🇪 Varangians · Germany
1395
+15
🇨🇳 Franks · China
1286
+19
🇷🇺 Saracens · Russia
1550
-22
🇹🇷 Cumans · Türkiye
1354
-14
🇲🇽 Chinese · Mexico
1337
-13
🇩🇪 Malians · Germany
1244
-10
busy pushing deer
8:21 Feudal Age
8:45 Feudal Age
10:11 Double-Bit Axe
12:41 Castle Age
10:35 Horse Collar
12:45 Bow Saw
13:02 Heavy Plow
20:17 Wheelbarrow
19:28 Loom
19:29 Town Watch
20:22 Gold Mining
22:03 Hand Cart
21:44 Stone Mining
24:18 Gold Shaft Mining
27:01 Imperial Age
24:57 Husbandry
25:30 Scale Barding Armor
25:35 Forging
25:16 Fletching
25:10 Treadmill Crane
26:30 Ballistics
26:03 Elite Battle Elephant
27:36 Iron Casting
30:09 Caravan
32:10 Chemistry
32:12 Blast Furnace
31:09 Bodkin Arrow
32:04 Siege Engineers
40:14 Bombard Tower
40:01 Bracer
40:01 Padded Archer Armor
45:47 Squires
45:33 Arson
47:37 Crop Rotation
47:26 Leather Archer Armor
PaInCaKe97
7:38 Feudal Age
9:06 Loom
11:37 Castle Age
9:34 Horse Collar
10:09 Double-Bit Axe
13:34 Heavy Plow
18:33 Bow Saw
18:31 Town Watch
25:43 Wheelbarrow
29:49 Imperial Age
28:00 Fletching
28:41 Bodkin Arrow
28:08 Elite Skirmisher
29:17 Padded Archer Armor
30:17 Ballistics
30:41 Leather Archer Armor
31:16 Bracer
32:31 Ring Archer Armor
33:19 Hand Cart
36:00 Chemistry
36:48 Forging
37:38 Gold Mining
37:40 Stone Mining
38:55 Conscription
38:06 Pikeman
39:23 Halberdier
40:04 Squires
40:06 Scale Mail Armor
40:41 Iron Casting
41:11 Caravan
45:16 Blast Furnace
47:59 Masonry
49:01 Chain Mail Armor
49:56 Two-Man Saw
51:54 Architecture
51:58 Elite Varangian Guard
53:33 Plate Mail Armor
时大爷
8:36 Feudal Age
12:26 Castle Age
18:19 Loom
18:23 Double-Bit Axe
18:53 Town Watch
26:29 Wheelbarrow
26:49 Bow Saw
29:29 Imperial Age
27:29 Gold Mining
29:31 Gold Shaft Mining
28:57 Stone Mining
29:50 Scale Mail Armor
29:59 Squires
29:49 Arson
30:28 Ballistics
30:18 Fortified Wall
30:37 Conscription
30:58 Elite Throwing Axeman
33:33 Hoardings
35:29 Chain Mail Armor
37:01 Chemistry
35:27 Light Cavalry
36:08 Husbandry
37:16 Plate Mail Armor
36:30 Capped Ram
37:52 Caravan
40:39 Scale Barding Armor
42:32 Chain Barding Armor
47:30 Forging
47:55 Plate Barding Armor
53:46 Iron Casting
yclin124
7:46 Feudal Age
8:50 Double-Bit Axe
11:30 Castle Age
9:12 Horse Collar
10:07 Gold Mining
13:01 Bow Saw
12:59 Heavy Plow
18:32 Wheelbarrow
17:43 Loom
19:16 Gold Shaft Mining
20:13 Stone Mining
25:12 Imperial Age
23:36 Scale Barding Armor
23:43 Forging
24:03 Hand Cart
24:44 Fletching
25:55 Bodkin Arrow
26:21 Ballistics
26:45 Parthian Tactics
25:40 Heavy Cavalry Archer
27:19 Bracer
27:01 Treadmill Crane
27:56 Padded Archer Armor
27:58 Husbandry
28:09 Bloodlines
29:09 Thumb Ring
31:39 Sipahi
32:47 Leather Archer Armor
34:12 Ring Archer Armor
34:02 Chain Barding Armor
34:51 Forging
34:57 Caravan
40:57 Plate Barding Armor
43:27 Conscription
43:44 Hoardings
45:09 Coinage
47:34 Iron Casting
50:38 Blast Furnace
52:40 Spies/Treason
IiLeo M
8:00 Feudal Age
11:41 Castle Age
12:25 Fletching
17:47 Bodkin Arrow
23:29 Padded Archer Armor
25:48 Wheelbarrow
26:09 Leather Archer Armor
26:26 Ballistics
27:37 Hand Cart
30:56 Imperial Age
32:02 Bracer
32:49 Conscription
34:09 Elite Chu Ko Nu
35:35 Thumb Ring
36:52 Chemistry
35:40 Loom
35:40 Town Watch
35:32 Light Cavalry
36:25 Bloodlines
36:15 Husbandry
37:25 Ring Archer Armor
37:23 Double-Bit Axe
38:29 Scale Barding Armor
38:34 Forging
40:32 Caravan
41:05 Chain Barding Armor
41:20 Iron Casting
46:32 Scale Mail Armor
47:07 Plate Barding Armor
47:32 Blast Furnace
XJakeTheRipper7
7:01 Feudal Age
7:29 Double-Bit Axe
8:16 Arson
8:48 Man-at-Arms
16:49 Castle Age
15:35 Stone Mining
15:36 Gold Mining
15:29 Horse Collar
17:13 Wheelbarrow
17:49 Bow Saw
18:14 Gold Shaft Mining
17:46 Heavy Plow
18:58 Stone Shaft Mining
19:37 Hand Cart
25:43 Imperial Age
24:55 Hand Cart
24:26 Loom
25:21 Scale Mail Armor
26:11 Fletching
27:13 Chain Mail Armor
28:11 Squires
29:02 Bodkin Arrow
30:08 Crop Rotation
39:00 Caravan
39:13 Bloodlines
39:03 Husbandry
38:23 Light Cavalry
39:16 Scale Barding Armor
39:22 Forging
40:48 Chain Barding Armor
41:57 Iron Casting
43:06 Plate Barding Armor
42:59 Town Watch
44:01 Farimba
45:09 Conscription
47:27 Heavy Camel Rider
с упругой
8:53 Feudal Age
9:36 Double-Bit Axe
9:53 Horse Collar
12:44 Castle Age
13:07 Wheelbarrow
13:51 Heavy Plow
14:04 Bow Saw
20:38 Loom
21:12 Hand Cart
20:43 Town Watch
21:45 Gold Mining
25:09 Imperial Age
23:11 Scale Barding Armor
23:16 Forging
25:22 Husbandry
25:34 Bloodlines
26:05 Bimaristan
25:15 Elite Mameluke
26:49 Gold Shaft Mining
26:04 Stone Mining
26:40 Chain Barding Armor
28:03 Hoardings
28:51 Plate Barding Armor
28:23 Caravan
30:00 Iron Casting
31:47 Blast Furnace
32:34 Ballistics
32:22 Siege Engineers
32:27 Masonry
32:04 Light Cavalry
35:04 Conscription
35:07 Fletching
35:57 Hussar
37:56 Bodkin Arrow
43:20 Coinage
C42
7:10 Feudal Age
10:31 Double-Bit Axe
14:45 Castle Age
14:59 Castle Age
13:37 Wheelbarrow
14:15 Gold Mining
15:54 Bow Saw
15:24 Horse Collar
16:32 Heavy Plow
22:27 Hand Cart
26:04 Imperial Age
24:07 Steppe Husbandry
25:12 Gold Shaft Mining
24:49 Scale Barding Armor
25:15 Bloodlines
25:16 Forging
25:21 Stone Mining
26:30 Chain Barding Armor
26:11 Loom
26:11 Town Watch
28:04 Two-Man Saw
27:48 Crop Rotation
26:53 Elite Steppe Lancer
28:35 Plate Barding Armor
28:35 Ballistics
29:15 Chemistry
28:40 Conscription
30:15 Iron Casting
29:30 Fletching
29:41 Padded Archer Armor
32:04 Blast Furnace
31:57 Elite Kipchak
32:40 Bodkin Arrow
36:28 Coinage
36:36 Caravan
39:55 Cuman Mercenaries
40:34 Banking
40:01 Pikeman
40:43 Squires
40:29 Arson
40:45 Scale Mail Armor
41:44 Halberdier
Connection lost

Rejoining the realm…

Still unreachable

The connection could not be restored.

Session expired

The server has moved on; the page needs a fresh start.